Match 47719781
Unlisted

Match 47719781
End
Construct Section Command Post
Infantry Section
Infantry Section
Dingo Light Scout Car
Infantry Section
Construct Platoon Command Post
Unlock M3 Stuart Light Tanks
Vickers Machine Gun Team
M3 Stuart Light Tank
M3 Stuart Light Tank
Infantry Training
Construct Field Infirmary
Selects Heavy Armor Battlegroup
Selects Engineer Detachments
Royal Engineer Section
6-pounder Anti-tank Gun Team
Selects Forward Repair Assembly
6-pounder Anti-tank Gun Team
Vickers Machine Gun Team
Royal Engineer Section
Royal Engineer Section
Grenade Package
Infantry Section
Infantry Section
Construct Company Command Post
Royal Engineer Section
Selects Churchill Black Prince Heavy Tank
Churchill Black Prince Heavy Tank
Armored Vehicle Training
Foot Guards Section
Selects Light Vehicle Withdraw and Refit
Selects Radio Net
Selects Recon Artillery
Recon Artillery
AI Takeover
Rampa
desertBeliever
0
0

Comments sign in to comment!

No comments posted yet!